[Event "44th Chess Olympiad Women 2022"]
[Site "Chennai"]
[Date "2022.08.06"]
[Round "8.32"]
[White "Abaeva, Aiana"]
[Black "Guerrero Rodriguez, Alejandra"]
[Result "0-1"]
[WhiteElo "1595"]
[BlackElo "2006"]
[Annotator "NA RC"]
[PlyCount "122"]
[EventDate "2022.??.??"]
[TimeControl "60"]

1. e4 c5 2. Nf3 g6 3. d4 cxd4 4. Nxd4 Bg7 5. Be3 Nc6 6. Nc3 Nf6 7. Be2 O-O 8. O-O d5 9. exd5 Nxd5 10. Nxd5 Nxd4 11. Bxd4 Qxd5 12. Bxg7 Qxd1 13. Raxd1 Kxg7 14. Bf3 Bf5 15. b3 Rac8 16. c4 Rc7 17. Rd2 a5 18. Rfd1 a4 19. Rd8 Bc2 20. Rxf8 Bxd1 21. Rb8 axb3 22. axb3 Bxb3 23. Rxb7 Rxb7 24. Bxb7 Bxc4 25. f4 Kf6 26. Kf2 g5 27. g3 gxf4 28. gxf4 Kf5 29. Kf3 Bd3 30. Bc6 Bc2 31. h3 e5 32. fxe5 Kxe5 33. h4 f5 34. Kf2 Kf4 35. Bf3 Be4 36. Bh5 Bd3 37. Bf3 Bf1 38.
Bh5 Bh3 39. Bf7 Kg4 40. h5 Kg5 41. h6 Kxh6 42. Kg3 Bg4 43.
Kh4 Kg7 44. Be8 Kf6 45. Bd7 h6 46. Bc8 Be2 47. Kg3 Kg5 48.
Bb7 h5 49. Bc6 h4+ 50. Kf2 Bd3 51. Bg2 Be4 52. Bf1 f4 53. Bh3 Bf5 54. Bg2 h3 55. Bh1 Bg4 56. Bc6 Kf6 57. Bb7 Ke5 58. Bc6 Bf5 59. Kg1 Kd4 60. Kh2 Ke3 61. Bb5 f3 0-1

[Event "44th Chess Olympiad Women 2022"]
[Site "Chennai"]
[Date "2022.08.06"]
[Round "8.32"]
[White "Corrales Jimenez, Zenia"]
[Black "Samaganova, Alexandra"]
[Result "1-0"]
[WhiteElo "2143"]
[BlackElo "1864"]
[Annotator "NA RC"]
[PlyCount "67"]
[EventDate "2022.??.??"]
[TimeControl "60"]

1. e4 c5 2. Nf3 e6 3. d4 cxd4 4. Nxd4 a6 5. c4 Qc7 6. Be2 Nf6 7. Nc3 Bb4 8. Nc2 Be7 9. O-O O-O 10. f4 d6 11. Qd3 Nbd7 12. b4 b6 13.
Bb2 Bb7 14. Rac1 Rac8 15. a3 Qb8 16. Qg3 e5 17. Ne3 Nxe4 18.
Nxe4 Bxe4 19. fxe5 Nxe5 20. Bg4 Rcd8 21. Bf5 Bc6 22. Ng4 Ng6 23. Qc3 Ne5 24. Qh3 g6 25. Rce1 f6 26. Qg3 Bd7 27. Nxe5 fxe5 28. Bxg6 Kh8 29. Rxf8+ Rxf8 30. Rxe5 dxe5 31.
Bxe5+ Bf6 32. Bxf6+ Kg8 33. Bxh7+ Kf7 34. Qg7+ 1-0

[Event "44th Chess Olympiad Women 2022"]
[Site "Chennai"]
[Date "2022.08.06"]
[Round "8.32"]
[White "Guillen Cristobal, Sandra N"]
[Black "Sovetbekova, Nurai"]
[Result "0-1"]
[WhiteElo "1962"]
[BlackElo "1693"]
[Annotator "NA RC"]
[PlyCount "114"]
[EventDate "2022.??.??"]
[TimeControl "60"]

1. e4 c5 2. Nf3 d6 3. d4 cxd4 4. Nxd4 Nf6 5. Nc3 a6 6. Be3 e5 7. Nf3 Be7 8. h3 Qc7 9. Qd2 b5 10. a3 Bb7 11. Bd3 Nbd7 12. Qe2 Nc5 13.
Bd2 Qc6 14. O-O Nfxe4 15. Nxe4 Nxe4 16. Bb4 Ng5 17. Rfe1 Nxf3+ 18. Qxf3 Qxf3 19. gxf3 Bxf3 20. a4 bxa4 21.
Rxa4 O-O 22. Rea1 Rfb8 23. c3 Rb6 24. Bxa6 Bc6 25. R4a3 Kf8 26.
Bf1 Rxa3 27. Rxa3 d5 28. Bxe7+ Kxe7 29. Ra7+ Rb7 30. Rxb7+ Bxb7 31. f3 d4 32. cxd4 exd4 33. Kf2 Kd6 34. b4 Ke5 35. Kg3 g5 36. Kg4 f6 37. Bd3 h5+ 38. Kg3 h4+ 39. Kf2 Kf4 40. Be2 Ke5 41. Bd3 Kf4 42. Be2 Bc8 43. Bf1 Ke5 44. Kg2 Bf5 45. Kf2 Kd5 46. Ke1 Bd7 47. Kf2 Kc6 48. f4 Kb6 49. fxg5 fxg5 50. Kf3 Bb5 51. Bxb5 Kxb5 52. Ke4 g4 53. hxg4 h3 54. Kxd4 h2 55. Ke5 h1=Q 56. g5 Qh8+ 57. Ke6 Qg7 0-1

[Event "44th Chess Olympiad Women 2022"]
[Site "Chennai"]
[Date "2022.08.06"]
[Round "8.32"]
[White "Sezdbekova Aizhan"]
[Black "Hernandez Diaz, Paula Sofia"]
[Result "0-1"]
[WhiteElo "1615"]
[BlackElo "1751"]
[Annotator "NA RC"]
[PlyCount "80"]
[EventDate "2022.??.??"]
[TimeControl "60"]

1. e4 c5 2. Nf3 Nc6 3. c3 d5 4. exd5 Qxd5 5. d4 Bf5 6. Be3 Nf6 7. Be2 e6 8. O-O Be7 9. Na3 O-O 10. Nc4 Rad8 11. Qb3 cxd4 12. Nxd4 b6 13. Rad1 Nxd4 14. Bxd4 Qa8 15. Rfe1 Be4 16. f3 Bf5 17. Ne3 Bg6 18. Bc4 Nd7 19. Ng4 Nc5 20. Bxc5 Bxc5+ 21. Kh1 Kh8 22. Ne5 Bf5 23. Nd7 Rg8 24. Qa4 Qc8 25. Ne5 Rgf8 26. Rxd8 Qxd8 27. Rd1 Qc7 28. f4 Bd6 29. Qb5 f6 30. Nf3 Bxf4 31. Rd7 Qc8 32. Nd4 a6 33. Qc6 Qxc6 34. Nxc6 e5 35. Re7 Be4 36. Nb4 Rd8 37. Bb3 a5 38. Na6 h5 39. Nc7 Rd2 40. Kg1 Bxg2 0-1

[Event "44th Chess Olympiad Women 2022"]
[Site "Chennai"]
[Date "2022.08.06"]
[Round "8.33"]
[White "A-ALI, Sali Abbas Abdulzah"]
[Black "Liu, Yang Hazel"]
[Result "0-1"]
[WhiteElo "1864"]
[BlackElo "2046"]
[Annotator "NA RC"]
[PlyCount "140"]
[EventDate "2022.??.??"]
[TimeControl "60"]

1. e4 c5 2. Nf3 Nc6 3. b3 d6 4. Bb2 e6 5. Bb5 Bd7 6. O-O Nf6 7. Nc3 Be7 8. Re1 e5 9. h3 O-O 10. a4 g6 11. d3 Nh5 12. Bc4 Rb8 13. Bc1 a6 14. Bh6 Ng7 15. Qd2 Nd4 16. Nxd4 cxd4 17. Ne2 Bc6 18. b4 d5 19. exd5 Bxd5 20. Bxd5 Qxd5 21. f4 exf4 22. Nxf4 Qd6 23. Rab1 Bf6 24. Ne2 Rbc8 25. Rb2 Rfe8 26. Bxg7 Kxg7 27. Rf1 Re3 28. Nf4 Bh4 29. b5 Bg3 30. Ne2 Bh2+ 31. Kh1 Rce8 32. Ng1 Bf4 33. Qf2 g5 34. Rbb1 Qe6 35. Nf3 Qd5 36. bxa6 bxa6 37. Rfe1 h6 38. Rxe3 dxe3 39. Qe2 Qa2 40. Rd1 Qxa4 41. d4 Rc8 42. Ne1 Rc3 43. d5 Qc4 44. Qxc4 Rxc4 45. d6 Rc8 46. d7 Rd8 47. c4 Bg3 48. c5 e2 49. Rd2 Bxe1 50.
Rxe2 Bg3 51. Rd2 Kf6 52. Kg1 Ke7 53. c6 Bc7 54. Kf2 Rb8 55.
Kf3 Bd8 56. Ke4 Rb5 57. Kf3 Rc5 58. Re2+ Kd6 59. Re8 Kc7 60. Rf8 Rxc6 61. Kg4 Rc4+ 62. Kf3 Rf4+ 63. Ke2 Kxd7 64. g3 Rf6 65. h4 gxh4 66. gxh4 Rf5 67. Rh8 Rh5 68. Rh7 Ke7 69. Kf3 Rxh4 70. Kg3 Rh5 0-1

[Event "44th Chess Olympiad Women 2022"]
[Site "Chennai"]
[Date "2022.08.06"]
[Round "8.33"]
[White "Al-Fayyadh, Yamama Asif Abdula"]
[Black "Fang, Kun"]
[Result "0-1"]
[WhiteElo "1666"]
[BlackElo "1766"]
[Annotator "NA RC"]
[PlyCount "134"]
[EventDate "2022.??.??"]
[TimeControl "60"]

1. e4 e5 2. Nf3 Nc6 3. Bb5 a6 4. Ba4 Nf6 5. O-O Be7 6. Re1 b5 7. Bb3 d6 8. c3 O-O 9. h3 Nb8 10. d4 Nbd7 11. Nbd2 Bb7 12. Bc2 Re8 13. Nf1 Bf8 14. Ng3 g6 15. a4 c6 16. Bg5 h6 17. Bd2 c5 18. d5 c4 19. Be3 Nc5 20. Nd2 Qc7 21. Qf3 Qe7 22. Qe2 Bg7 23. f4 exf4 24. Bxf4 Nfd7 25. Nf3 Ne5 26. Nxe5 Bxe5 27. Qe3 Bxf4 28. Qxf4 Qe5 29. Qxe5 dxe5 30. axb5 axb5 31. Nf1 Reb8 32. Ne3 Bc8 33. Kf2 Kg7 34. Kf3 h5 35. Reb1 Bd7 36. Bd1 f6 37. g4 hxg4+ 38. hxg4 Rh8 39. Rxa8 Rxa8 40. Bc2 Ra2 41. Kg3 Kh6 42. Rh1+ Kg5 43. Rb1 Nb7 44. Bd1 Nd6 45. Bc2 Bc8 46. Kf3 Bd7 47. Kg3 Nf7 48. b3 cxb3 49. Bxb3 Re2 50. Kf3 Rh2 51. Kg3 Re2 52. Kf3 Rh2 53. Kg3 Rd2 54. Bc2 Nh6 55.
Rd1 Re2 56. Kf3 Rxc2 57. Nxc2 Bxg4+ 58. Ke3 Bxd1 59. Nb4 Nf7 60. Na6 Nd6 61. Nc7 Kg4 62. Ne6 Bc2 63. Nc5 f5 64. exf5 gxf5 65. Nd7 Nf7 66. Nc5 Kg3 67. Nb7 Be4 0-1

[Event "44th Chess Olympiad Women 2022"]
[Site "Chennai"]
[Date "2022.08.06"]
[Round "8.33"]
[White "Hng, Mei-En Emmanuelle"]
[Black "Sara Masood Abdullah"]
[Result "1-0"]
[WhiteElo "1997"]
[BlackElo "1677"]
[Annotator "NA RC"]
[PlyCount "81"]
[EventDate "2022.??.??"]
[TimeControl "60"]

1. e4 e6 2. d3 d5 3. Qe2 Be7 4. Nf3 Nf6 5. g3 c5 6. Bg2 Nc6 7. O-O O-O 8. Re1 b5 9. Nbd2 a5 10. a4 Nb4 11. Nf1 bxa4 12. exd5 Nfxd5 13. c3 Nc6 14. Rxa4 Ba6 15. N1d2 Nb6 16. Qe4 Nxa4 17. Qxc6 Nb6 18. Ne5 Rc8 19. Qf3 Bf6 20. Ndc4 Nxc4 21. Nxc4 Bxc4 22. dxc4 Qb6 23. h4 Rcd8 24. h5 e5 25. h6 Rd6 26. Qg4 g6 27. Bd5 Rfd8 28. Qf3 R8d7 29. g4 Qd8 30. Be3 e4 31. Qxe4 Re7 32. Qf4 Be5 33. Qf3 Rf6 34. Qd1 Qc7 35. Bg5 Bh2+ 36. Kh1 Rxe1+ 37. Qxe1 Re6 38. Bxe6 fxe6 39. Qxe6+ Kf8 40. Bf6 Bf4 41.
Bg7+ 1-0

[Event "44th Chess Olympiad Women 2022"]
[Site "Chennai"]
[Date "2022.08.06"]
[Round "8.33"]
[White "Hng, Mei-Xian Eunice"]
[Black "Tiba, Mahdi Attiyah"]
[Result "1-0"]
[WhiteElo "1823"]
[BlackElo "1759"]
[Annotator "NA RC"]
[PlyCount "41"]
[EventDate "2022.??.??"]
[TimeControl "60"]

1. e4 d5 2. exd5 Qxd5 3. Nc3 Qa5 4. d4 c6 5. Bc4 Nf6 6. Nf3 Bf5 7. O-O e6 8. Bf4 Nbd7 9. Re1 Be7 10. h3 h6 11. g4 Bg6 12. Bg3 Qd8 13. Qe2 Kf8 14. Rad1 Bb4 15. Nh4 Bh7 16. Bxe6 fxe6 17. Qxe6 Ne8 18. d5 Qe7 19. Qxe7+ Bxe7 20. dxc6 Bxh4 21. cxb7 1-0

[Event "44th Chess Olympiad Women 2022"]
[Site "Chennai"]
[Date "2022.08.06"]
[Round "8.34"]
[White "Leung, Hoi Ting"]
[Black "Sanchez Tobar, Francisca Valenti"]
[Result "0-1"]
[WhiteElo "1277"]
[BlackElo "1839"]
[Annotator "NA RC"]
[PlyCount "64"]
[EventDate "2022.??.??"]
[TimeControl "60"]

1. d4 Nf6 2. Bf4 g6 3. Nc3 d5 4. Nf3 Bg7 5. Qd2 O-O 6. O-O-O c5 7. Bh6 c4 8. Bxg7 Kxg7 9. Qf4 Qa5 10. e4 dxe4 11. Nd2 b5 12. Ndxe4 b4 13.
Nb1 Qxa2 14. c3 Bf5 15. f3 Nbd7 16. g4 Bxe4 17. fxe4 Rab8 18. Qf3 bxc3 19. Qxc3 Nxe4 20. Qa3 Qxa3 21. Nxa3 Nf2 22. Bxc4 Nxh1 23. Rxh1 Nf6 24. h3 Rfc8 25. Re1 Rb4 26. Rxe7 Rbxc4+ 27. Nxc4 Rxc4+ 28. Kb1 a5 29. Ra7 a4 30. Re7 Rxd4 31.
Re3 Nd5 32. b3 Nxe3 0-1

[Event "44th Chess Olympiad Women 2022"]
[Site "Chennai"]
[Date "2022.08.06"]
[Round "8.34"]
[White "Li, Joy Ching"]
[Black "Reyes Jara, Paula"]
[Result "1/2-1/2"]
[WhiteElo "1386"]
[BlackElo "1858"]
[Annotator "NA RC"]
[PlyCount "89"]
[EventDate "2022.??.??"]
[TimeControl "60"]

1. Nf3 Nf6 2. g3 g6 3. Bg2 Bg7 4. O-O O-O 5. c4 d6 6. d4 Nc6 7. Nc3 e5 8. d5 Nb8 9. e4 a5 10. h3 Na6 11. Be3 Nd7 12. Ne1 f5 13.
Nd3 b6 14. f4 Ndc5 15. fxe5 Nxd3 16. Qxd3 Bxe5 17. Bf4 Nc5 18.
Qe3 Qf6 19. Bxe5 Qxe5 20. Rae1 Ba6 21. b3 Rae8 22. Kh2 Kg7 23.
Qd2 Qf6 24. exf5 Rxe1 25. Qxe1 gxf5 26. Qe3 Qe5 27. Re1 Qxe3 28. Rxe3 Kf6 29. h4 Bc8 30. Nb5 Rf7 31. Nd4 Bd7 32. Bh3 h6 33. Kg2 Kg6 34. Kh2 f4 35. Bxd7 fxe3 36. Be8 Ne4 37. Bxf7+ Kxf7 38. Kg2 Nc3 39. Kf3 Nxa2 40. Kxe3 Kf6 41. Kf4 Nc1 42. g4 Nd3+ 43. Ke3 Nc5 44. Kf4 Nd3+ 45. Ke3 1/2-1/2

[Event "44th Chess Olympiad Women 2022"]
[Site "Chennai"]
[Date "2022.08.06"]
[Round "8.34"]
[White "Morales Flores, Monserrat"]
[Black "Kannappan, Sigappi"]
[Result "1-0"]
[WhiteElo "1946"]
[BlackElo "1914"]
[Annotator "NA RC"]
[PlyCount "77"]
[EventDate "2022.??.??"]
[TimeControl "60"]

1. e4 c5 2. Nf3 d6 3. d4 cxd4 4. Nxd4 Nf6 5. Nc3 a6 6. Be2 e5 7. Nf3 h6 8. Nd2 Be6 9. Nc4 b5 10. Ne3 Nbd7 11. a4 b4 12. Ncd5 a5 13.
O-O Be7 14. Nxf6+ Nxf6 15. Bb5+ Nd7 16. c3 bxc3 17. bxc3 O-O 18. Ba3 Nf6 19. Qf3 Qc7 20. c4 Rfd8 21. Nd5 Nxd5 22. cxd5 Bd7 23. Rac1 Qb6 24. Bxd7 Rxd7 25. Rc6 Qb7 26. Qc3 g6 27. g3 Ra7 28.
Rc1 Kh7 29. h4 h5 30. Kg2 Qb8 31. Rc2 Rab7 32. Rc8 Qa7 33. Qf3 Bd8 34. R2c6 Rb6 35. Bc1 Qb7 36. Rxd8 Rxd8 37. Rxb6 Qxb6 38. Qxf7+ Kh8 39. Bg5 1-0

[Event "44th Chess Olympiad Women 2022"]
[Site "Chennai"]
[Date "2022.08.06"]
[Round "8.34"]
[White "Toro Pradenas, Maria Jose"]
[Black "Lam, Ka Yan"]
[Result "1-0"]
[WhiteElo "1945"]
[BlackElo "1223"]
[Annotator "NA RC"]
[PlyCount "87"]
[EventDate "2022.??.??"]
[TimeControl "60"]

1. e4 e5 2. Nf3 Nf6 3. d4 d5 4. dxe5 Nxe4 5. Bd3 Be7 6. O-O O-O 7. c4 Be6 8. Qc2 f5 9. exf6 Rxf6 10. Ng5 Bf5 11. cxd5 Nxg5 12. Bxg5 Bxd3 13. Qxd3 Rg6 14. Bxe7 Qxe7 15. Nc3 Qg5 16. Qe4 Nd7 17. f4 Qf6 18. f5 Rg5 19. Qe6+ Qf7 20. Nb5 Re8 21. Qxf7+ Kxf7 22. Rac1 Re5 23. Rxc7 Rxd5 24. Rxb7 Kg8 25. Nc3 Rd4 26. Rd1 Rxd1+ 27. Nxd1 Ne5 28. Ne3 Nf3+ 29. Kf2 Nxh2 30. Rb4 Rh5 31. Kg3 a5 32. Rh4 Nf1+ 33. Nxf1 Rxf5 34. Ne3 Rb5 35. b3 g6 36. Ra4 Kg7 37. Nc4 Rg5+ 38. Kf3 Rf5+ 39. Ke2 Rg5 40. Kf2 Rf5+ 41. Kg1 Kh6 42. Rxa5 Rf6 43. Rb5 Ra6 44. a4 1-0

[Event "44th Chess Olympiad Women 2022"]
[Site "Chennai"]
[Date "2022.08.06"]
[Round "8.35"]
[White "Curwin, Nickaylah"]
[Black "Rovira Contreras, Tairu Manuela"]
[Result "0-1"]
[WhiteElo "1499"]
[BlackElo "2036"]
[Annotator "NA RC"]
[PlyCount "88"]
[EventDate "2022.??.??"]
[TimeControl "60"]

1. d4 Nf6 2. Bf4 g6 3. Nc3 Bg7 4. e4 d6 5. Qd2 c6 6. Nf3 b5 7. Bd3 O-O 8. Bh6 Nbd7 9. h3 e5 10. g4 Re8 11. Bxg7 Kxg7 12. dxe5 dxe5 13. O-O-O Nc5 14. Qe3 Qb6 15. Nd2 Be6 16. Kb1 Rad8 17. Nb3 Bxb3 18. cxb3 Rd7 19. Bc2 Red8 20. Qg3 Qc7 21. f3 Ne6 22. Rxd7 Rxd7 23. Rd1 Nf4 24. h4 h5 25. g5 Rxd1+ 26. Nxd1 Nd7 27. Qf2 Nf8 28. Nc3 N8e6 29. Ne2 Nxe2 30. Qxe2 Qb6 31. Qh2 Qd4 32. Qg3 Nf4 33. a3 Ne2 34. Qe1 Qg1 35. Qxg1 Nxg1 36. Bd1 f6 37. Kc2 fxg5 38. hxg5 h4 39. f4 exf4 40. Bg4 f3 41. Kd2 f2 42. Be2 h3 43.
Bf1 h2 44. Ke3 h1=Q 0-1

[Event "44th Chess Olympiad Women 2022"]
[Site "Chennai"]
[Date "2022.08.06"]
[Round "8.35"]
[White "Miller, Rachel"]
[Black "Varela La Madrid, Tilsia Carolina"]
[Result "0-1"]
[WhiteElo "1961"]
[BlackElo "2079"]
[Annotator "NA RC"]
[PlyCount "60"]
[EventDate "2022.??.??"]
[TimeControl "60"]

1. e4 e5 2. Nf3 Nc6 3. Bc4 Bc5 4. c3 Nf6 5. d3 a5 6. a4 d6 7. O-O h6 8. Re1 O-O 9. Bb3 Ba7 10. h3 Re8 11. Na3 Be6 12. Bc2 d5 13.
Qe2 Qd7 14. Bb1 Rad8 15. Nb5 Bb6 16. Qc2 dxe4 17. dxe4 Bxh3 18. gxh3 Qxh3 19. Nh2 Ng4 20. Nxg4 Qxg4+ 21. Kf1 Re6 22. Nd4 exd4 23. f4 d3 24. Qg2 Qxg2+ 25. Kxg2 d2 26. Bxd2 Rxd2+ 27. Kh3 Bf2 28. Rf1 Rg6 29. Kh2 Be3+ 30. Kh3 Bg1 0-1

[Event "44th Chess Olympiad Women 2022"]
[Site "Chennai"]
[Date "2022.08.06"]
[Round "8.35"]
[White "Otazo Sanchez, Annyd Gabriela"]
[Black "Clarke, Adani"]
[Result "1-0"]
[WhiteElo "1932"]
[BlackElo "1812"]
[Annotator "NA RC"]
[PlyCount "99"]
[EventDate "2022.??.??"]
[TimeControl "60"]

1. e4 e6 2. d3 d5 3. Nd2 c5 4. Ngf3 Nc6 5. g3 Nf6 6. Bg2 Be7 7. O-O O-O 8. Re1 b5 9. e5 Nd7 10. Nf1 a5 11. h4 b4 12. Bf4 Re8 13.
Ne3 Bf8 14. h5 h6 15. Ng4 Ne7 16. Nh4 Bb7 17. c4 Nb6 18. b3 Bc6 19. Qc1 dxc4 20. Bxc6 Nxc6 21. dxc4 Nd4 22. Bxh6 Be7 23. Bxg7 Bg5 24. Nf6+ Qxf6 25. Bxf6 Bxc1 26. Raxc1 Kh7 27. Kg2 a4 28. Nf3 Nxf3 29. Kxf3 axb3 30. axb3 Ra3 31. Re3 Kh6 32. g4 Nd7 33. g5+ Kh7 34. g6+ fxg6 35. hxg6+ Kg8 36. Rh1 Nxf6 37. exf6 Rf8 38. Rxe6 Rxb3+ 39. Kg4 Rd3 40. f7+ Rxf7 41. gxf7+ Kxf7 42. Rb6 Kg7 43.
Ra1 Rd7 44. f4 Kf7 45. f5 Rd4+ 46. Kg5 Rd7 47. Rh1 Kg7 48. f6+ Kf7 49. Rh7+ Ke8 50. Rb8+ 1-0

[Event "44th Chess Olympiad Women 2022"]
[Site "Chennai"]
[Date "2022.08.06"]
[Round "8.35"]
[White "Perez Hernandez, Vicmary C."]
[Black "Watson, Gabriella"]
[Result "1-0"]
[WhiteElo "1862"]
[BlackElo "1164"]
[Annotator "NA RC"]
[PlyCount "105"]
[EventDate "2022.??.??"]
[TimeControl "60"]

1. e4 c6 2. d4 d5 3. Nc3 dxe4 4. Nxe4 Bf5 5. Ng3 Bg6 6. h4 h6 7. Nf3 Nd7 8. h5 Bh7 9. Bd3 Bxd3 10. Qxd3 Ngf6 11. Bd2 e6 12. O-O-O Be7 13. Qe2 Qc7 14. Ne5 O-O 15. f4 c5 16. Nxd7 Nxd7 17. d5 Qb6 18.
dxe6 Bf6 19. exf7+ Rxf7 20. c3 Kh8 21. Qc4 Re7 22. Rhe1 Rae8 23. Nf5 Re6 24. Re3 Qc6 25. Rxe6 Rxe6 26. Be3 Nb6 27. Qxc5 Qe8 28. Rd6 Rxd6 29. Nxd6 Qd7 30. Ne4 Be7 31. Qd4 Qg4 32. Qe5 Qd7 33. Bd4 Bf8 34. f5 Nc4 35. Qf4 Kh7 36. f6 Qb5 37. Qf2 Qd5 38.
fxg7 Bxg7 39. Nf6+ Bxf6 40. Qxf6 Qg5+ 41. Qxg5 hxg5 42. b3 Nb6 43. Bxb6 axb6 44. c4 g4 45. Kd2 Kh6 46. Ke3 Kxh5 47. Kf4 Kh4 48. g3+ Kh3 49. b4 b5 50. cxb5 b6 51. a4 Kh2 52. a5 bxa5 53.
bxa5 1-0

[Event "44th Chess Olympiad Women 2022"]
[Site "Chennai"]
[Date "2022.08.06"]
[Round "8.36"]
[White "Al Maamari, Wafia Darwish"]
[Black "Richards, Heather S"]
[Result "1/2-1/2"]
[WhiteElo "1841"]
[BlackElo "2146"]
[Annotator "NA RC"]
[PlyCount "108"]
[EventDate "2022.??.??"]
[TimeControl "60"]

1. e4 e6 2. d4 d5 3. exd5 exd5 4. Nf3 Bd6 5. c4 Qe7+ 6. Qe2 dxc4 7. Qxe7+ Nxe7 8. Bxc4 Nbc6 9. Be3 Nb4 10. Kd2 c6 11. Nc3 O-O 12. Ne4 Bc7 13. a3 Nbd5 14. Nc3 Be6 15. Nxd5 Nxd5 16. Rac1 h6 17. Ne5 Rad8 18. Nd3 b5 19. Bxd5 Bxd5 20. f3 a5 21. b4 Ra8 22. Ra1 Bd6 23. h3 Bc4 24. Nc5 Rfe8 25. Nb7 Bc7 26. Rhe1 axb4 27. axb4 f5 28. f4 g5 29. g3 gxf4 30. Bxf4 Rxa1 31. Rxe8+ Kf7 32. Rc8 Bxf4+ 33. gxf4 Ra2+ 34. Kc1 Bd5 35. Rc7+ Kg6 36. Na5 Ra3 37. Kd2 Rxh3 38. Nxc6 Be4 39. Ne5+ Kf6 40. Rc5 Rh2+ 41. Ke3 Rh3+ 42. Kd2 Rh2+ 43. Ke3 Ke6 44. Rxb5 h5 45. Rb6+ Kd5 46. Rb5+ Kd6 47. Nf7+ Kd7 48. Ng5 h4 49. Nxe4 Rh3+ 50. Kf2 fxe4 51. Re5 Rf3+ 52. Kg2 Rxf4 53. Kh3 e3 54. Rxe3 Rxd4 1/2-1/2

[Event "44th Chess Olympiad Women 2022"]
[Site "Chennai"]
[Date "2022.08.06"]
[Round "8.36"]
[White "Phan, Nguyen Mai Chi"]
[Black "Almaini, Aishah Sarhan"]
[Result "1-0"]
[WhiteElo "2139"]
[BlackElo "1615"]
[Annotator "NA RC"]
[PlyCount "43"]
[EventDate "2022.??.??"]
[TimeControl "60"]

1. Nf3 Nf6 2. d4 g6 3. c4 Bg7 4. Nc3 d6 5. e4 O-O 6. Be2 e5 7. O-O exd4 8. Nxd4 Nc6 9. Nc2 Re8 10. f3 Nh5 11. Nd5 Qh4 12. Qe1 Qd8 13.
Qf2 f5 14. g4 fxg4 15. fxg4 Rf8 16. Qg2 Rxf1+ 17. Qxf1 Nf6 18. Bg5 Qe8 19. Nxf6+ Bxf6 20. Qxf6 Qxe4 21. Rf1 Bxg4 22. Qf7+ 1-0

[Event "44th Chess Olympiad Women 2022"]
[Site "Chennai"]
[Date "2022.08.06"]
[Round "8.36"]
[White "Rouda Essa, Alserkal"]
[Black "Nguyen, Thu Giang"]
[Result "1/2-1/2"]
[WhiteElo "1874"]
[BlackElo "2119"]
[Annotator "NA RC"]
[PlyCount "118"]
[EventDate "2022.??.??"]
[TimeControl "60"]

1. e4 c6 2. d4 d5 3. Nd2 dxe4 4. Nxe4 Bf5 5. Ng3 Bg6 6. h4 h6 7. Bd3 Bxd3 8. Qxd3 e6 9. N1e2 Nf6 10. Bd2 Bd6 11. O-O-O Nbd7 12. Nc3 Qc7 13. Nce4 Bf4 14. Qa3 Nxe4 15. Nxe4 Nf6 16. Nxf6+ gxf6 17. Rhe1 Bd6 18. Qa4 b5 19. Qb3 O-O-O 20. Kb1 Kb8 21. Rc1 Qb7 22. c4 Rc8 23. Qf3 f5 24. cxb5 Qxb5 25. Bf4 Bxf4 26. Qxf4+ Ka8 27. Qe3 Rb8 28. Qc3 Rhd8 29. Re5 Rd5 30. Rxd5 Qxd5 31. Qxc6+ Qxc6 32. Rxc6 Kb7 33. Rc3 Rd8 34. Rd3 Kc6 35. Kc2 Kd5 36. Rg3 Rc8+ 37. Rc3 Rg8 38. g3 f4 39. Rd3 Rg4 40. Kc3 fxg3 41. fxg3 f5 42. b4 h5 43. b5 f4 44. gxf4 Rxf4 45. a4 Rxh4 46. a5 Rg4 47. Kb4 h4 48.
b6 axb6 49. a6 Rg8 50. Kb5 Ke4 51. Rh3 Kxd4 52. Rxh4+ Kd5 53. Kxb6 e5 54. a7 e4 55. Kb7 Kd4 56. a8=Q Rxa8 57. Kxa8 Kd3 58. Rh3+ e3 59. Rxe3+ Kxe3 1/2-1/2

[Event "44th Chess Olympiad Women 2022"]
[Site "Chennai"]
[Date "2022.08.06"]
[Round "8.36"]
[White "Zhang, Jilin"]
[Black "Al Mansouri, Moza"]
[Result "1-0"]
[WhiteElo "2212"]
[BlackElo "1606"]
[Annotator "RC"]
[PlyCount "93"]
[EventDate "2022.??.??"]
[TimeControl "60"]

1. e4 c5 2. Nf3 d6 3. d4 cxd4 4. Nxd4 Nf6 5. Nc3 g6 6. g3 Bg7 7. Bg2 O-O 8. O-O Nc6 9. Nde2 Rb8 10. Nd5 Nd7 11. c3 e6 12. Ne3 Qc7 13.
Nc4 b5 14. Ne3 b4 15. Bd2 Nc5 16. cxb4 Nxb4 17. Bc3 Nbd3 18. Bxg7 Kxg7 19. b3 Ba6 20. Qd2 Rfc8 21. Rfd1 Qb6 22. Nf4 Nxf4 23. gxf4 Nd3 24. Bf1 Nxf4 25. Qxd6 Qxd6 26. Rxd6 Bxf1 27. Kxf1 Rc7 28. Rad1 Rbc8 29. Nc4 g5 30. f3 Ng6 31. Kf2 Kf6 32. Ne3 Kg7 33. Ra6 Ne7 34. Nc4 Nc6 35. Rd2 Rd8 36. Rxd8 Nxd8 37. Kg3 Nc6 38. Nd6 Nb8 39. Ne8+ Kg6 40. Nxc7 Nxa6 41. Nxa6 f5 42. exf5+ exf5 43. f4 h5 44. fxg5 Kxg5 45. h4+ Kf6 46. Kf4 Kg6 47. Nc7 1-0

[Event "44th Chess Olympiad Women 2022"]
[Site "Chennai"]
[Date "2022.08.06"]
[Round "8.37"]
[White "Cordero, Daniela"]
[Black "Besa, Masaiti"]
[Result "1-0"]
[WhiteElo "2005"]
[BlackElo "1745"]
[Annotator "NA RC"]
[PlyCount "47"]
[EventDate "2022.??.??"]
[TimeControl "60"]

1. d4 Nf6 2. Nf3 g6 3. Nc3 d5 4. Bf4 Bg7 5. e3 c6 6. Be2 Nbd7 7. Ne5 Qa5 8. Qd2 Nxe5 9. Bxe5 h5 10. O-O O-O 11. f3 Bf5 12. e4 dxe4 13.
fxe4 Be6 14. Qf4 Ng4 15. Bxg7 Kxg7 16. e5 Rad8 17. Bd3 Qb6 18. Ne2 c5 19. c3 cxd4 20. Nxd4 Bd5 21. Rab1 Bxa2 22. Rbc1 Bd5 23. Qg5 Bc6 24. Rf4 1-0

[Event "44th Chess Olympiad Women 2022"]
[Site "Chennai"]
[Date "2022.08.06"]
[Round "8.37"]
[White "Marape, Naledi"]
[Black "Molina, Jessica"]
[Result "0-1"]
[WhiteElo "1714"]
[BlackElo "1889"]
[Annotator "NA RC"]
[PlyCount "52"]
[EventDate "2022.??.??"]
[TimeControl "60"]

1. e4 e6 2. d3 d5 3. Nd2 Nf6 4. Ngf3 c5 5. g3 b6 6. Bg2 Bb7 7. e5 Nfd7 8.
O-O Nc6 9. Re1 g5 10. h3 h6 11. d4 cxd4 12. Nb3 Bg7 13. Nfxd4 Ndxe5 14. f4 gxf4 15. gxf4 Nxd4 16. Nxd4 Nc6 17. Nf5 Bf6 18.
Qxd5 Qxd5 19. Bxd5 O-O-O 20. Bxc6 Rhg8+ 21. Kh2 Bxc6 22. Ne3 Bh4 23. Rg1 h5 24. Rxg8 Rxg8 25. Bd2 Bg3+ 26. Kg1 Be1+ 0-1

[Event "44th Chess Olympiad Women 2022"]
[Site "Chennai"]
[Date "2022.08.06"]
[Round "8.37"]
[White "Monroy G., Nataly A."]
[Black "Banda Natalie Katlo"]
[Result "1-0"]
[WhiteElo "1907"]
[BlackElo "1688"]
[Annotator "NA RC"]
[PlyCount "111"]
[EventDate "2022.??.??"]
[TimeControl "60"]

1. d4 d5 2. Nf3 Nf6 3. c4 c6 4. cxd5 cxd5 5. Nc3 a6 6. Bf4 Nc6 7. e3 Bf5 8. Be2 e6 9. O-O Be7 10. Rc1 O-O 11. Na4 Rc8 12. a3 Ne4 13.
h3 g5 14. Bh2 f6 15. Nc5 Bxc5 16. dxc5 e5 17. b4 Kg7 18. Qb3 Be6 19. Rfd1 Qe7 20. Qb2 h5 21. Nd2 Nxd2 22. Rxd2 Rh8 23. Bf3 e4 24. Bd1 g4 25. h4 Rcd8 26. Bf4 Bf7 27. Bb3 Ne5 28. Bxe5 Qxe5 29. Qxe5 fxe5 30. Rcd1 Rd7 31. Bc2 Rc7 32. Bb3 Rd8 33. Kf1 Rcd7 34. Ba4 Rc7 35. Bc2 Rf8 36. Bb3 Rd8 37. Ke1 Rcd7 38. Ba4 Rc7 39. Bc2 Rcd7 40. Bxe4 d4 41. Bf5 Rd5 42. e4 R5d7 43. Bxd7 Rxd7 44. f3 Be6 45. Rc1 Rc7 46. f4 Kf6 47. g3 Bd7 48. Rf2 Rc8 49. Kd2 Ke6 50.
Rcf1 Bb5 51. Re1 Bd7 52. fxe5 Kxe5 53. Rf7 Rd8 54. Rh7 Be8 55. Re7+ Kf6 56. Rxb7 1-0

[Event "44th Chess Olympiad Women 2022"]
[Site "Chennai"]
[Date "2022.08.06"]
[Round "8.37"]
[White "Moshoboro Arona"]
[Black "Coro, Soledad"]
[Result "0-1"]
[WhiteElo "1611"]
[BlackElo "1623"]
[Annotator "NA RC"]
[PlyCount "82"]
[EventDate "2022.??.??"]
[TimeControl "60"]

1. d4 g6 2. Nf3 Bg7 3. e3 Nf6 4. c4 c5 5. Nc3 Na6 6. Be2 O-O 7. O-O d6 8. d5 Bd7 9. e4 Rb8 10. a3 Nc7 11. Bg5 h6 12. Bf4 a6 13. b4 Nh5 14. Bd2 b5 15. bxc5 dxc5 16. Rb1 bxc4 17. Bxc4 Nb5 18. Qc1 Kh7 19. Na4 Qc7 20. Be2 Rfc8 21. Nc3 Nxc3 22. Bxc3 Rxb1 23. Qxb1 Bxc3 24. Qb3 Bg7 25. Rb1 c4 26. Qc2 Nf4 27. Bf1 f5 28. Re1 fxe4 29. Qxe4 Bf5 30. Qe3 Nxd5 31. Qc1 Qc5 32. a4 a5 33. Nd2 c3 34. Nb3 Qb4 35. Qd1 Nf4 36. Nc1 c2 37. Qf3 Qxe1 38. Qxf4 Bb2 39. Nb3 c1=Q 40. Nxc1 Rxc1 41. h3 Be5 0-1